cohdb
Replays
Latest Replays
All Replays
Popular Replays
Top Player Replays
Match Explorer
How It Works
Community
CoH3 Stats
Reddit
Sign in to upload your games and track your stats! →
Sign in with Steam
Match 45551554
Unlisted
Match 45551554
Overview
Messages
Build Orders
End
Scout Squad
Selects Special Operations Battlegroup
Construct Weapon Support Center
M1919 Machine Gun Team
M1919 Machine Gun Team
Bazooka Squad
Infantry Support Center
Selects Raiding Flares
M3 Armored Personnel Carrier
Demolitions Package
M1919 Machine Gun Team
Engineer Squad
Selects SSF Commando Squad
SSF Commando Squad
Raiding Flares
Advanced Logistics
Construct Medical Station
Selects M29 Weasel Recon Vehicle
Selects Mark Vehicle
Selects UNKNOWN (2162291)
Construct Tank Depot
Raiding Flares
SSF Commando Squad
Raiding Flares
SSF Commando Squad
M4A1 Sherman Whizbang
Raiding Flares
Survival Training
SSF Commando Squad
Selects Assault Operation
Raiding Flares
SSF Commando Squad
Raiding Flares
M4A1 Sherman Whizbang
M4A1 Sherman Medium Tank
Raiding Flares
Engineer Squad
M3 Armored Personnel Carrier
SSF Commando Squad
Raiding Flares
M4A1 Sherman Medium Tank
.30 cal Machine Gun
SSF Commando Squad
Engineer Squad
Mark Vehicle
M4A1 Sherman Medium Tank
ShoulderGuy
Bismarck
고구마줄거리
冲锋大哥
From Voodoo to Zen
con_007
A Sassy Badger
Urge to Merge
0
0
Comments
sign in to comment!
No comments posted yet!